Map: Frozen Temple

Players

Merc - Winner!

  • Race: Protoss Protoss
  • League: Silver

Gracz

  • Race: Protoss Protoss
  • League: Silver

VOD

Have the link to the VOD?

Description

Time

  • Played on: Oct. 31, 2016, 8:04 a.m.
  • Length: 15:05
Show
View Real Time Build Order
Export as new Build Order

Merc Protoss - Winner!

Build Orders:  

Get SALT Encoding   

  12  0:05  Probe (Chrono Boost)  
  13  0:16  Probe (Chrono Boost)  
  14  0:25  Pylon  
  14  0:29  Probe (Chrono Boost)  
  15  0:43  Probe (Chrono Boost)  
  15  0:48  Assimilator  
  16  0:54  Assimilator, Probe (Chrono Boost)  
  17  1:01  Gateway  
  17  1:05  Probe (Chrono Boost)  
  18  1:15  Probe (Chrono Boost)  
  19  1:26  Probe (Chrono Boost)  
  20  1:34  Pylon  
  20  1:36  Probe (Chrono Boost)  
  21  1:42  Pylon  
  22  1:47  Probe (Chrono Boost)  
  22  2:02  Probe (Chrono Boost)  
  22  2:07  Cybernetics Core  
  23  2:21  Unknown, Nexus  
  23  2:32  Probe (Chrono Boost)  
  24  2:42  Probe (Chrono Boost)  
  25  2:45  Stargate  
  25  2:47  Protoss Air Weapons Level 1  
  25  2:54  Probe (Chrono Boost)  
  28  3:05  Mothership Core (Chrono Boost)  
  28  3:11  Pylon  
  28  3:14  Assimilator  
  28  3:24  Probe (Chrono Boost)  
  29  3:32  Unknown  
  29  3:45  Assimilator  
  29  3:49  Probe (Chrono Boost)  
  29  3:50  Probe (Chrono Boost)  
  29  3:55  Void Ray  
  35  4:00  Probe x2 (Chrono Boost)  
  37  4:04  Stargate  
  37  4:11  Probe x2 (Chrono Boost)  
  39  4:21  Probe x2 (Chrono Boost)  
  41  4:32  Probe x2 (Chrono Boost)  
  41  4:38  Void Ray  
  47  4:42  Probe x2 (Chrono Boost)  
  49  4:50  Pylon, Void Ray  
  49  4:51  Pylon  
  53  4:53  Probe x2 (Chrono Boost)  
  55  5:03  Probe x2 (Chrono Boost)  
  55  5:05  Fleet Beacon  
  57  5:11  Pylon  
  57  5:22  Stargate  
  57  5:26  Void Ray  
  61  5:36  Probe (Chrono Boost)  
  62  5:45  Pylon  
  62  5:46  Pylon  
  62  5:50  Void Ray  
  62  5:56  Carrier  
  66  6:05  Void Ray  
  76  6:33  Void Ray  
  80  6:43  Void Ray  
  80  6:44  Pylon  
  80  6:45  Pylon  
  80  6:47  Pylon  
  80  6:48  Protoss Air Weapons Level 2  
  80  6:49  Pylon  
  80  6:51  Pylon  
  84  6:55  Graviton Catapult  
  84  7:16  Void Ray  
  84  7:17  Void Ray  
  92  7:38  Void Ray  
  96  7:44  Unknown, Nexus  
  96  7:47  Assimilator  
  96  7:49  Assimilator  
  98  8:13  Carrier, Probe x2 (Chrono Boost)  
  98  8:16  Void Ray  
  98  8:20  Void Ray  
  98  8:25  Probe (Chrono Boost)  
  113  8:45  Probe x2 (Chrono Boost)  
  116  8:55  Unknown, Void Ray  
  116  8:56  Stargate  
  116  8:57  Probe (Chrono Boost)  
  120  9:03  Void Ray  
  124  9:27  Carrier  
  124  9:33  Void Ray  
  134  9:45  Void Ray  
  134  9:52  Void Ray  
  142  10:06  Protoss Air Weapons Level 3  
  142  10:11  Void Ray  
  146  10:29  Pylon x2  
  146  10:31  Pylon  
  146  10:33  Pylon  
  146  10:35  Pylon, Void Ray  
  146  10:41  Void Ray  
  154  11:02  Pylon  
  154  11:05  Tempest x2  
  162  11:12  Tempest  
  166  11:24  Void Ray  
  170  11:42  Void Ray x2  
  170  11:47  Unknown, Nexus  
  170  11:51  Assimilator  
  170  11:52  Assimilator  
  170  11:53  Tempest  
  182  12:07  Tempest  
  186  12:19  Void Ray  
  186  12:20  Void Ray  
  197  12:45  Probe x3 (Chrono Boost)  
  197  12:59  Unknown  
  197  13:33  Probe (Chrono Boost)  
Show
View Real Time Build Order
Export as new Build Order

Gracz Protoss 

Build Orders:  

Get SALT Encoding   

  12  0:01  Probe (Chrono Boost)  
  13  0:18  Pylon  
  13  0:22  Probe (Chrono Boost)  
  14  0:29  Assimilator  
  14  0:33  Probe (Chrono Boost)  
  15  0:52  Pylon, Gateway  
  15  1:01  Probe (Chrono Boost)  
  16  1:05  Pylon  
  16  1:13  Probe (Chrono Boost)  
  16  1:17  Assimilator  
  17  1:23  Probe (Chrono Boost)  
  18  1:34  Probe (Chrono Boost)  
  19  1:43  Cybernetics Core  
  19  2:00  Unknown, Nexus  
  19  2:05  Probe (Chrono Boost)  
  20  2:16  Probe (Chrono Boost)  
  21  2:26  Warp Gate  
  21  2:27  Stargate  
  21  2:29  Probe (Chrono Boost)  
  22  2:43  Mothership Core (Chrono Boost)  
  24  3:11  Unknown  
  24  3:18  Fleet Beacon, Probe (Chrono Boost)  
  26  3:20  Probe (Chrono Boost)  
  26  3:29  Probe (Chrono Boost)  
  26  3:32  Probe (Chrono Boost)  
  28  3:35  Assimilator  
  28  3:37  Assimilator  
  28  3:39  Probe (Chrono Boost)  
  28  3:40  Stalker  
  31  3:43  Pylon  
  31  3:44  Probe (Chrono Boost)  
  32  3:53  Probe (Chrono Boost)  
  34  3:56  Probe (Chrono Boost)  
  34  4:04  Probe (Chrono Boost)  
  34  4:08  Probe (Chrono Boost)  
  36  4:14  Stargate, Probe (Chrono Boost)  
  37  4:20  Probe (Chrono Boost)  
  38  4:25  Probe (Chrono Boost)  
  38  4:28  Gateway  
  38  4:30  Gateway  
  40  4:32  Probe (Chrono Boost)  
  40  4:43  Twilight Council  
  40  4:51  Gateway  
  40  4:58  Robotics Facility  
  40  5:01  Pylon  
  40  5:07  Stalker  
  42  5:20  Blink  
  42  5:22  Robotics Facility  
  42  5:30  Probe (Chrono Boost)  
  42  5:32  Probe (Chrono Boost)  
  44  5:40  Tempest  
  44  5:41  Probe (Chrono Boost)  
  46  5:44  Probe (Chrono Boost)  
  50  5:52  Stalker  
  52  5:58  Probe (Chrono Boost)  
  52  5:59  Probe (Chrono Boost), Immortal  
  59  6:11  Probe (Chrono Boost)  
  59  6:14  Immortal  
  63  6:18  Sentry  
  63  6:19  Sentry  
  67  6:33  Pylon  
  67  6:39  Pylon  
  67  6:52  Probe (Chrono Boost)  
  67  6:53  Unknown, Nexus  
  69  6:54  Probe (Chrono Boost)  
  69  6:56  Pylon  
  69  6:58  Tempest  
  73  7:09  Stalker  
  73  7:15  Tempest  
  75  7:20  Charge  
  79  7:29  Robotics Bay  
  79  7:33  Probe (Chrono Boost)  
  79  7:35  Probe (Chrono Boost)  
  81  7:38  Stalker  
  81  7:40  Tempest  
  84  7:44  Probe (Chrono Boost)  
  84  7:47  Probe (Chrono Boost)  
  89  7:55  Probe (Chrono Boost)  
  91  7:59  Probe (Chrono Boost)  
  91  8:05  Tempest, Unknown, Probe (Chrono Boost)  
  96  8:11  Stalker x2  
  100  8:18  Pylon  
  100  8:23  Pylon  
  100  8:32  Zealot x2  
  104  8:36  Zealot x2  
  108  8:48  Pylon  
  108  8:54  Gateway  
  108  8:58  Forge x2  
  108  9:03  Cybernetics Core  
  108  9:05  Templar Archives  
  108  9:11  Assimilator  
  108  9:12  Stalker  
  108  9:13  Stalker x2, Zealot  
  108  9:14  Assimilator  
  116  9:24  Immortal  
  120  9:25  Immortal  
  124  9:34  Resonating Glaives  
  124  9:37  Adept x2  
  128  9:39  Adept  
  128  9:40  Adept  
  128  9:41  Protoss Air Armor Level 1  
  128  9:45  Protoss Air Weapons Level 1  
  132  9:48  Protoss Shields Level 1  
  132  9:50  Protoss Ground Weapons Level 1  
  132  10:13  Psionic Storm  
  132  10:24  Pylon  
  132  10:28  Pylon  
  132  10:37  Pylon  
  132  10:41  Pylon  
  132  10:47  High Templar  
  132  10:48  High Templar x2  
  138  10:55  High Templar  
  140  10:59  Probe (Chrono Boost)  
  140  11:00  Probe (Chrono Boost)  
  140  11:01  Probe (Chrono Boost)  
  143  11:05  Disruptor, Immortal  
  150  11:22  Tempest  
  154  11:40  Unknown, Nexus  
  154  11:43  Pylon  
  154  11:46  Pylon  
  154  11:50  Pylon  
  154  11:54  Zealot x3  
  154  11:55  Zealot  
  154  11:58  Tempest  
  162  12:04  Protoss Air Weapons Level 2  
  162  12:06  Pylon  
  166  12:10  Unknown, Nexus  
  166  12:13  Pylon  
  166  12:15  Pylon  
  166  12:17  Pylon  
  166  12:19  Stalker  
  166  12:20  Stalker x3  
  166  12:22  Protoss Air Armor Level 2  
  174  12:29  Protoss Shields Level 2  
  174  12:31  Protoss Ground Armor Level 1  
  174  12:41  Observer  
  174  12:42  Observer  
  176  12:51  Unknown  
  176  13:02  Probe (Chrono Boost)  
  176  13:03  Probe x2 (Chrono Boost)  
  179  13:11  Tempest x2  
  187  13:21  Unknown  
  187  13:22  Immortal  
  187  13:24  Disruptor  
  187  13:25  Zealot  
  187  13:26  Zealot x2  
  200  13:31  Assimilator  
  200  13:32  Assimilator  
  108  14:25  Stalker  
  108  14:26  Stalker x2  
  108  14:27  Stalker  
  84  14:39  Stalker  
  75  14:55  High Templar x2  
Tags
 
Add a new tag
Caveats
  • Supply blocks, unpowered buildings, or Contaminate may cause inaccurate times.
  • Supply counts are checked every 10 seconds.